← All builds
Suicide front / Armada / Factory first / OBSERVED BUILD

Standard suicide front

Armada Suicide front build order · Supreme Isthmus

The role's baseline: Bot Lab at 0:21 then straight into reclaim-fed T1 bot production to contest the middle and hold until T2 arrives, with an Advanced Metal Extractor around 9:45.

#rush · 2088 distinct matches · 238 players · 72% of Armada Suicide front games · team won 59% of 2466 · Recently observed

HOW TO PLAY IT

Key timing: Bot Lab by 0:20

  1. Open with mex and lab-first to get Bot Lab up by 0:20.
  2. Expand mex and wind while lab pumps units toward middle.
  3. Push Sentry and early Rocketeer, Centurion to contest middle.
  4. Get T2 constructor out once Pond's boost lets you spare metal.
  5. Upgrade mex to Advanced Metal Extractor as you transition off T1 spam.

Phase by phase

TYPICAL OF ITS 2088 GAMES
  1. 1
  2. 2
  3. 3
PLAY THE OPENING

Follow the example game's first 6:00 step by step: what to build now, what comes next, and where it goes. At 1× it keeps pace with your own game.

  1. 1

    Bot Lab first

    Order
    1. Bot LabBot Lab done ~0:26, middle half 0:20–0:33

    Some games also: mex (45%)

  2. 2

    Bot Lab to 5:00

    Economy
    • Metal Extractor5Mex
    • Wind Turbine4Wind
    Builders
    • Construction Bot3 Con bot
    • Lazarus2 Lazarus
    Army
    • Sentry4 Sentry
    • Rocketeer16 Rocketeer
    • Tick2 Tick
    • Centurion1 Centurion
    Other
    • Radar Tower1 Radar Tower

    Some games also: pawn (38%) · con turret (34%)

    By 5:00 in all: 5 mex · 4 wind

    The example game in this phase · 34 steps
    1. LazarusLazarus
    2. CenturionCenturion
    3. Construction BotCon bot
    4. Mex
    5. RocketeerRocketeer
    6. PawnPawn
    7. SentrySentry
    8. RocketeerRocketeer ×3
    9. SentrySentry
    10. RocketeerRocketeer
    11. Construction BotCon bot
    12. Radar TowerRadar Tower
    13. RocketeerRocketeer ×2
    14. Mex
    15. RocketeerRocketeer ×2
    16. Mex
    17. RocketeerRocketeer
    18. Mex
    19. SentrySentry
    20. CenturionCenturion
    21. SentrySentry
    22. Wind
    23. CenturionCenturion
    24. Wind
    25. Construction BotCon bot
    26. BlitzBlitz
    27. Construction BotCon bot
    28. Wind
    29. BlitzBlitz
    30. CenturionCenturion
    31. Wind
    32. Mex
    33. RocketeerRocketeer ×3
    34. Wind
  3. 3

    5:00 to 10:00

    Economy
    • Metal Extractor1Mex
    • Wind Turbine15Wind
    Builders
    • Construction Turret2 Con turret
    • Lazarus2 Lazarus
    • Construction Bot1 Con bot
    Army
    • Sentry1 Sentry
    • Rocketeer8 Rocketeer

    Some games also: pawn (48%) · Radar Tower (46%) · tick (44%) · centurion (44%) · energy storage (42%) · eat Bot Lab (31%)

    By 10:00 in all: 6 mex · 21 wind · 1 energy storage · 2 con turret

    The example game in this phase · 103 steps
    1. RocketeerRocketeer
    2. BlitzBlitz
    3. Mex
    4. Wind
    5. BlitzBlitz
    6. Con turret ×2
    7. LazarusLazarus
    8. Energy storage
    9. BlitzBlitz
    10. Con turret
    11. PawnPawn
    12. LazarusLazarus
    13. GauntletGauntletdone 6:52
    14. GruntGrunt
    15. Con turret
    16. IncisorIncisor
    17. LazarusLazarus
    18. Wind
    19. BeamerBeamer
    20. Solar ×2
    21. BeamerBeamer
    22. Wind ×4
    23. Construction BotCon bot
    24. Wind
    25. Metal storage
    26. Mex
    27. Wind ×2
    28. PawnPawn
    29. ThugThug
    30. PawnPawn
    31. Wind
    32. PawnPawn
    33. Wind
    34. RocketeerRocketeer
    35. Wind
    36. PawnPawn
    37. Wind
    38. PawnPawn
    39. Wind
    40. PawnPawn ×2
    41. Wind
    42. PawnPawn
    43. Wind
    44. Dragon's TeethDragon's Teeth ×3
    45. PawnPawn
    46. Dragon's TeethDragon's Teeth ×3
    47. PawnPawn
    48. Dragon's TeethDragon's Teeth
    49. PawnPawn
    50. Sneaky PeteSneaky Pete
    51. Con turret
    52. PawnPawn
    53. Mex
    54. Wind
    55. Con turret
    56. PawnPawn
    57. Mex
    58. PawnPawn
    59. Wind
    60. PawnPawn
    61. Advanced Bot LabAdvanced Bot Labdone 10:11
    62. Wind
    63. PawnPawn
    64. Radar TowerRadar Tower
    65. Mex
    66. Bot LabEat Bot Labreclaimed for its metal
    67. Wind ×2
    68. Advanced Construction BotT2 con bot
    69. Wind
    70. Advanced Construction BotT2 con botfor Front
    71. Wind
    72. Advanced Metal ExtractorT2 mexdone 10:53 · typical 9:47
    73. CompassRadar bot
    74. Wind
    75. SmugglerJammer bot
    76. HoundHound
    77. Wind
    78. Mex
    79. Advanced Metal ExtractorT2 mex
    80. HoundHound
    81. Mex ×2
    82. HoundHound ×2
    83. Advanced Metal ExtractorT2 mex
    84. Mex
    85. HoundHound
    86. Mex ×2
    87. RattlesnakeRattlesnakedone 13:28
    88. HoundHound
    89. Mex
    90. Wind
    91. SentrySentry
    92. HoundHound
    93. Wind
    94. RattlesnakeRattlesnake
    95. Con turret ×2
    96. WelderWelder ×2
    97. SmugglerJammer bot
    98. Converter
    99. CompassRadar bot
    100. Converter
    101. WelderWelder
    102. Pit BullPit Bull
    103. WelderWelder

Counts are medians over the build's games: half of them build more, half fewer. The example game is CrdFusCncrPOI_Yudchi's (35 OS, 11/09/2026); pick another.

Team trades

IN AT LEAST 30% OF ITS GAMES

You hand over

Nothing regular.

You get

  • Tidal Generator4 Tidal from Pondfirst at 0:11 · in 68% of games
  • Advanced Construction Bot1 T2 con bot from Geo or Techfirst at 7:42 · in 57% of games

How it plays out

Typical game of this build, running totals by minute

Metal produced

010k20k
0:005:0010:0015:00

metal

Enemy metal destroyed

05k10k
0:005:0010:0015:00

metal

Own metal lost

05k10k
0:005:0010:0015:00

metal

2466 games.

Show as table
ByMetal produced: This buildEnemy metal destroyed: This buildOwn metal lost: This build
1:0023000
2:0088700
3:002007187130
4:003110642502
5:0041861347996
6:00535021831698
7:00654530562580
8:00775739403488
9:00903547064362
10:001039753225142
11:001186458605952
12:001356164256647
13:001538668767428
14:001728875048206
15:001925281068974
WHAT THE NUMBERS SAY

Standard Suicide front play wins a bit over half its games while taking the heaviest own losses of any role by 15:00.

  • + Produces 20142 metal by 15:00, highest of the front roles.
  • + First kill by 2:01 in all games, fastest contest of middle.
  • − Own metal lost hits 9178 by 15:00, more than enemy metal destroyed.
  • − Only 34% Rocketeer share shows army spread thin across many bot types.
THE EXAMPLE YOU ARE READING

CrdFusCncrPOI_Yudchi

34.7 OS · 11/09/2026

Open source match ↗

5 received units · includes a constructor
401 metal received · 58638 energy received

Allied construction assistance is unknown. Timings are observations, not a promise of solo reproducibility.

Typical milestones

Bot Lab0:26Middle 50%: 0:20–0:33 · n=2458
Advanced Metal Extractor9:47Middle 50%: 8:50–10:59 · n=1782

Played most by

_X_265games of this buildPlatinumBlonde188games of this buildXad165games of this buildTrapCaT111games of this buildImmort80games of this build